 Dungeon Crawl Stone Soup version 0.19.0-19-g8c6edcc (webtiles) character file.

401 Peloso the Skirmisher (level 6, -1/53 HPs)
             Began as a Ghoul Fighter on Nov 12, 2016.
             Was a Follower of Okawaru.
             Slain by an ogre
             ... wielding a +0 giant club
              (22 damage)
             ... on level 4 of the Dungeon.
             The game lasted 00:08:42 (2358 turns).

Peloso the Skirmisher (Ghoul Fighter)               Turns: 2358, Time: 00:08:43

Health: -1/53      AC: 10    Str: 20    XL:     6   Next: 85%
Magic:  5/5        EV:  5    Int:  3    God:    Okawaru [*.....]
Gold:   121        SH:  9    Dex: 10    Spells: 0 memorised, 5 levels left

rFire  . . .     SeeInvis .     a - +0 long sword
rCold  + . .     Gourm    .     i - +0 chain mail
rNeg   + + +     Faith    .     c - +0 shield
rPois  ∞         Spirit   .     (no helmet)
rElec  .         Reflect  .     (no cloak)
rCorr  .         Harm     .     (no gloves)
MR     .....                    s - +0 pair of boots
Stlth  ..........               l - amulet of regeneration
                                (no ring)
                                k - ring of positive energy

@: rotting
A: rotting body, claws 1, carnivore 3, cold resistance 1, negative energy
resistance 3, slow regeneration 1, torment resistance, unbreathing
a: Heroism, Renounce Religion


You were on level 4 of the Dungeon.
You worshipped Okawaru.
Okawaru was aware of your devotion.
You were not hungry.

You visited 1 branch of the dungeon, and saw 4 of its levels.

You collected 121 gold pieces.

Inventory:

Hand Weapons
 a - a +0 long sword (weapon)
 u - a +2 whip of flaming
Armour
 c - a +0 shield (worn)
 i - a +0 chain mail (worn)
 s - a +0 pair of boots (worn)
Jewellery
 k - a ring of positive energy (left claw)
 l - an amulet of regeneration (around neck)
Scrolls
 e - a scroll of enchant weapon {unknown}
 h - 5 scrolls of identify {unknown}
 j - a scroll of enchant armour {unknown}
 n - a scroll of fog {unknown}
 o - a scroll of noise {unknown}
 q - 4 scrolls of magic mapping {unknown}
Potions
 d - a potion of might
 m - 2 potions of curing
 p - a potion of agility {unknown}
 r - a potion of resistance {unknown}
 t - a potion of lignification {unknown}
 v - a potion of brilliance {unknown}
Comestibles
 b - 8 chunks of flesh
 f - 3 meat rations
 g - a beef jerky


   Skills:
 + Level 4.5 Fighting
 + Level 3.7 Long Blades
 + Level 3.6 Armour
 + Level 1.1 Dodging
 + Level 4.2 Shields


You had 5 spell levels left.
You didn't know any spells.

Dungeon Overview and Level Annotations

Branches:
Dungeon (4/15)
 Temple: D:4-7

Altars:
Gozag
Okawaru

Annotations:
D:4 Eustachio


Innate Abilities, Weirdness & Mutations

Your body is rotting away.
You thrive on raw meat.
You are immune to poison.
You have sharp fingernails.
You are carnivorous and can eat meat at any time.
Your flesh is cold resistant. (rC+)
You are immune to negative energy. (rN+++)
You regenerate slowly when monsters are visible.
You are immune to unholy pain and torment.
You can survive without breathing.


Message History

Your surroundings suddenly seem different.
An ogre comes into view. It is wielding a giant club.
The ogre shouts!
Found 24 stones and a bread ration.
Found 8 gold pieces.
Found a scroll labeled NEIHIG WOWOE.
You fail to use your ability.
The ogre barely misses you.
You hit the ogre but do no damage. You slash the ogre!
The ogre is moderately wounded.
The ogre completely misses you.
You barely miss the ogre.
The ogre is moderately wounded.
The ogre hits you with a giant club!!
It was a potion of curing.
You feel better. The ogre hits you with a giant club!
You hit the ogre.
The ogre is heavily wounded.
The ogre hits you with a giant club!!
You die...

#...%...#
#.......#
#.......#
#.......#
#.......########
#.......#.......
#......(#.......
#.......O.$.....
#####+#.@.......
#........#
#........#
##......##
#......#
#......#
#......#
...?...#


You could see an ogre.

Vanquished Creatures
  Sigmund (D:2)
  A scorpion (D:4)
  An orc priest (D:3)
  7 adders
  2 dart slugs
  2 worms
  5 leopard geckos
  11 orcs
  2 bats (D:2)
  5 giant cockroaches (D:3)
  11 goblins
  8 hobgoblins
  A quokka (D:2)
  4 frilled lizards
  6 kobolds
  6 rats
73 creatures vanquished.

Notes
Turn   | Place    | Note
-------+----------+-------------------------------------------
     0 | D:1      | Peloso the Ghoul Fighter began the quest for the Orb.
     0 | D:1      | Reached XP level 1. HP: 19/19 MP: 0/0
   361 | D:1      | Reached XP level 2. HP: 24/26 MP: 1/1
   840 | D:2      | Found an iron altar of Okawaru.
   841 | D:2      | Reached XP level 3. HP: 31/31 MP: 2/2
   864 | D:2      | Became a worshipper of Warmaster Okawaru
  1171 | D:2      | Noticed Sigmund
  1196 | D:2      | Killed Sigmund
  1196 | D:2      | Reached * piety under Okawaru
  1196 | D:2      | Reached XP level 4. HP: 14/40 MP: 3/3
  1196 | D:2      | Reached XP level 5. HP: 16/46 MP: 4/4
  1349 | D:2      | Reached skill level 1 in Dodging
  1494 | D:2      | Reached XP level 6. HP: 45/52 MP: 5/5
  1683 | D:3      | Found an opulent altar of Gozag.
  2327 | D:4      | Noticed Eustachio
  2358 | D:4      | Slain by an ogre

Skill      XL: |  1  2  3  4  5  6 |
---------------+-------------------+-----
Armour         | 3 |  3.6
Long Blades    | 2 3 |  3.7
Shields        | 3 4 |  4.2
Fighting       | 4 |  4.5
Dodging        | 1 |  1.1

Action                   |  1- 3 |  4- 6 || total
-------------------------+-------+-------++-------
Melee: Long sword        |   100 |   227 ||   327
  Use: Potion            |     1 |     1 ||     2
  Eat: Chunk             |     2 |     6 ||     8
Armor: Scale mail        |     2 |       ||     2
       Chain mail        |    55 |   123 ||   178
Dodge: Dodged            |    33 |    47 ||    80
Block: Shield            |    58 |   127 ||   185
       Rpst.: Long sword |     4 |    14 ||    18
